 Dungeon Crawl Stone Soup version 0.19-a0-965-g50bf062 (webtiles) character file.

10778 Oktamerus the Cleaver (level 11, -3/97 HPs)
             Began as a Minotaur Fighter on July 12, 2016.
             Was a High Priest of Okawaru.
             Slain by a hill giant
             ... wielding a +0 giant club
              (27 damage)
             ... on level 10 of the Dungeon.
             The game lasted 00:27:28 (10614 turns).

Oktamerus the Cleaver (Minotaur Fighter)           Turns: 10614, Time: 00:27:28

Health: -3/97      AC: 19    Str: 24    XL:     11   Next: 40%
Magic:  16/16      EV:  8    Int:  5    God:    Okawaru [*****.]
Gold:   529        SH: 11    Dex: 10    Spells: 1 memorised, 17 levels left

rFire  . . .     SeeInvis +     E - +2 broad axe
rCold  . . .     Gourm    .     s - +0 plate armour
rNeg   . . .     Faith    .     n - +0 shield
rPois  +         Spirit   .     h - +1 hat {SInv}
rElec  .         Dismiss  .     c - +1 cloak {rPois}
rCorr  .         Reflect  .     (no gloves)
SustAt .         Harm     .     r - +0 pair of boots
MR     +....                    (no amulet)
Stlth  ..........               (no ring)
                                o - ring of protection from magic

@: somewhat resistant to hostile enchantments, extremely unstealthy
A: retaliatory headbutt, horns 2
a: Heroism, Finesse, Renounce Religion


You were on level 10 of the Dungeon.
You worshipped Okawaru.
Okawaru was extremely pleased with you.
You were not hungry.

You visited 2 branches of the dungeon, and saw 11 of its levels.

You collected 529 gold pieces.

Inventory:

Hand Weapons
 a - a +1 war axe
 g - a cursed -3 spear
 A - the cursed +2 shortbow of Vengeance {venom, rC+ Int-5 SInv, unknown}
   (You took it off a centaur on level 8 of the Dungeon)

   It poisons the ammo it fires.
   It affects your intelligence (-5).
   It protects you from cold.
   It lets you see invisible.
   It has a curse placed upon it.
 E - a +2 broad axe (weapon)
Armour
 c - a +1 cloak of poison resistance (worn)
 h - a +1 hat of see invisible (worn)
 n - a +0 shield (worn)
 r - a +0 pair of boots (worn)
 s - a +0 plate armour (worn)
Jewellery
 o - a ring of protection from magic (left hand)
 y - an uncursed ring of ice
Wands
 d - a wand of digging (22/24)
 e - a wand of slowing (8/48)
 k - a wand of acid (2/15)
 x - a wand of polymorph (1/24)
 D - a wand of acid (7/15)
Scrolls
 i - 3 scrolls of remove curse
 j - 7 scrolls of recharging
 t - 7 scrolls of teleportation
 w - 2 scrolls of identify
Potions
 b - a potion of berserk rage
 l - a potion of curing
 m - 5 potions of flight
 v - 2 potions of magic
 z - a potion of brilliance
Books
 B - a book of Debilitation

   Spells                             Type                      Level
   a - Corona                         Hexes                        1
   b - Slow                           Hexes                        2
   c - Gell's Gravitas                Hexes/Translocation          3
   d - Inner Flame                    Hexes/Fire                   3
   e - Cause Fear                     Hexes                        4
   f - Leda's Liquefaction            Hexes/Earth                  4
 G - a book of Spatial Translocations

   Spells                             Type                      Level
   a - Apportation                    Translocation                1
   b - Blink                          Translocation                2
   c - Shroud of Golubria             Charms/Translocation         2
   d - Portal Projectile              Translocation                3
   e - Teleport Other                 Translocation                3
   f - Passage of Golubria            Translocation                4
Comestibles
 f - 5 bread rations
 p - 10 royal jellies
 q - 5 meat rations
 u - 2 slices of pizza
 C - 8 beef jerkies


   Skills:
 + Level 9.1 Fighting
 * Level 11.9 Axes
 + Level 9.2 Armour
 + Level 7.2 Dodging
 + Level 8.9 Shields
 + Level 4.4 Spellcasting


You had 17 spell levels left.
You knew the following spells:

 Your Spells              Type           Power        Failure   Level  Hunger
a - Apportation           Tloc           #.........   100%        1    ##.....


Dungeon Overview and Level Annotations

Branches:
Dungeon (10/15)            Temple (1/1) D:7             Orc (0/2) D:9
   Lair: D:8-11

Altars:
Ashenzari
Cheibriados
Dithmenos
Elyvilon
Fedhas
Gozag
Hepliaklqana
Kikubaaqudgha
Makhleb
Nemelex Xobeh
Okawaru
Pakellas
Qazlal
Ru
Sif Muna
Trog
Uskayaw
Vehumet
Xom
Yredelemnul
Zin
The Shining One
Beogh

Shops:
D:10 %

Annotations:
D:10 Sonja


Innate Abilities, Weirdness & Mutations

You reflexively headbutt those who attack you in melee.
You have a pair of horns on your head.


Message History

You are too injured to fight recklessly!
Unknown command.
You are too injured to fight recklessly!
Unknown command.
You are too injured to fight recklessly!
Unknown command.
You are too injured to fight recklessly!
Unknown command.
You are too injured to fight recklessly!
Unknown command.
You feel better. You block Sonja's attack. You block the gargoyle's attack.
The hill giant hits you but does no damage.
Okay, then.
You fail to use your ability.
You block Sonja's attack. x2
The gargoyle hurls a stone arrow at you.
The stone arrow hits you!
* * * LOW HITPOINT WARNING * * *
You fail to use your ability.
Sonja bites you but does no damage.
The hill giant hits you with a giant club!!
You die...

,,,,,*
*,,,*,,,,,,,,,*,,,#.#.# #.
,,,,,*
*,,,#.........#,,,#.#.# #.
,,,,,*
*,,,#..⌠...⌠..#,,,#.#.# #.
,,,,,*
*,,,#.........#,,,#.#.###.
******
*,,,#.........#,,,#.....#.
**,,,#..⌠5s..#,,,##.#.#...
*,,,,#OaCzz#,,,,#....#...
**,,,,#9SC#,,,,##..###...
**,,,,#@#,,,,*#..>..#<..
***###(###***#.....##..
#.....# #.....#... ###.###
#.....#.## #.# ###.#.#.##
##.# #(#.#.## ########..#
#.#.#.##
#........##########.#.#.##
#........))...........#.##


You could see 2 hill giants, Sonja the black mamba, a gargoyle, an ogre, a
scorpion, a worker ant, 2 wights and a crimson imp.

Vanquished Creatures
  Gastronok (D:8)
  A hill giant (D:10)
  Joseph (D:10)
  Maurice (D:8)
  A troll (D:10)
  The ghost of ldierk the Magician, an amateur HEIE of Makhleb (D:5)
  Sigmund (D:4)
  A wraith (D:9)
  A hill giant zombie (D:9)
  3 yaks (D:6)
  A steam dragon (D:8)
  Menkaure (D:5)
  A hippogriff (D:9)
  A soldier ant (D:9)
  9 orc warriors
  3 phantoms
  3 sky beasts
  An ice beast (D:7)
  4 wasps
  5 ogres
  6 centaurs
  A crocodile (D:10)
  2 big kobolds
  6 giant frogs
  2 scorpions (D:4)
  A troll zombie (D:9)
  3 killer bees (D:9)
  A howler monkey (D:6)
  12 wights
  2 electric eels
  2 crimson imps (D:10)
  The ghost of Gottschkopf the Magician, a weakling DEFE (D:3)
  2 giant frog zombies
  A quasit (D:9)
  4 giant frog skeletons
  9 orc priests
  A centaur zombie (D:6)
  2 hounds
  Crazy Yiuf (D:3)
  A jelly (D:9)
  10 orc wizards
  A gnoll shaman (D:4)
  2 centaur skeletons
  4 iguanas
  Natasha (thrice) (D:3 D:5)
  9 worker ants
  6 ogre zombies (D:9)
  2 hound skeletons
  Robin (D:3)
  A howler monkey skeleton (D:8)
  A worker ant zombie (D:6)
  10 adders
  12 gnolls
  3 shadow imps
  An adder skeleton (D:8)
  4 worms
  9 giant geckos
  57 orcs
  6 bats
  4 giant cockroaches
  10 goblins
  7 hobgoblins
  11 jackals
  3 quokkas
  A ball python (D:1)
  7 giant newts
  A goblin skeleton (D:9)
  2 goblin zombies (D:9)
  A hobgoblin skeleton (D:9)
  4 hobgoblin zombies (D:9)
  12 kobolds
  4 orc skeletons (D:9)
  13 orc zombies (D:9)
  A quokka skeleton (D:5)
  6 rats
330 creatures vanquished.

Vanquished Creatures (others)
  A plant (D:9)
1 creature vanquished.

Grand Total: 331 creatures vanquished

Notes
Turn   | Place    | Note
-------+----------+-------------------------------------------
     0 | D:1      | Oktamerus the Minotaur Fighter began the quest for the Orb.
     0 | D:1      | Reached XP level 1. HP: 19/19 MP: 0/0
   206 | D:1      | Reached XP level 2. HP: 26/27 MP: 1/1
   547 | D:1      | Reached skill level 3 in Axes
   909 | D:2      | Reached XP level 3. HP: 33/33 MP: 2/2
  1179 | D:2      | Reached skill level 1 in Dodging
  1364 | D:3      | Found an opulent altar of Gozag.
  1374 | D:3      | Noticed Gottschkopf's ghost (weakling DEFE)
  1418 | D:3      | Noticed Natasha
  1419 | D:3      | Noticed Robin
  1425 | D:3      | Killed Natasha
  1425 | D:3      | Reached XP level 4. HP: 26/40 MP: 3/3
  1433 | D:3      | Killed Robin
  1628 | D:3      | Reached XP level 5. HP: 44/47 MP: 5/5
  1648 | D:3      | Killed Gottschkopf's ghost
  1648 | D:3      | Reached skill level 4 in Axes
  1648 | D:3      | Reached skill level 1 in Spellcasting
  1934 | D:3      | Found a glowing drain.
  2091 | D:3      | Found a runed door.
  2128 | D:3      | Noticed Crazy Yiuf
  2137 | D:3      | Killed Crazy Yiuf
  2273 | D:3      | Reached XP level 6. HP: 41/53 MP: 6/6
  2657 | D:4      | Reached skill level 5 in Axes
  2724 | D:4      | Reached skill level 5 in Fighting
  2762 | D:4      | Noticed Sigmund
  2767 | D:4      | Reached XP level 7. HP: 48/61 MP: 8/8
  2780 | D:4      | Killed Sigmund
  2780 | D:4      | Reached skill level 5 in Shields
  3021 | D:4      | Reached skill level 5 in Armour
  3089 | D:4      | Reached skill level 6 in Axes
  3583 | D:5      | Entered Level 5 of the Dungeon
  3584 | D:5      | Noticed ldierk's ghost (amateur HEIE)
  3593 | D:5      | Killed ldierk's ghost
  3593 | D:5      | Reached XP level 8. HP: 42/69 MP: 8/10
  3596 | D:5      | Noticed Natasha
  3603 | D:5      | Killed Natasha
  3853 | D:5      | Reached skill level 7 in Axes
  3860 | D:5      | Noticed Natasha
  3871 | D:5      | Killed Natasha
  4274 | D:5      | Noticed Menkaure
  4286 | D:5      | Killed Menkaure
  5117 | D:6      | Reached skill level 8 in Axes
  5365 | D:6      | Reached XP level 9. HP: 30/75 MP: 12/12
  6254 | D:7      | Reached skill level 9 in Axes
  6335 | D:7      | Reached skill level 5 in Dodging
  6536 | D:7      | Found a staircase to the Ecumenical Temple.
  6558 | Temple   | Entered the Ecumenical Temple
  6565 | Temple   | Became a worshipper of Warmaster Okawaru
  7215 | D:8      | Noticed Gastronok
  7239 | D:8      | Killed Gastronok
  7239 | D:8      | Reached * piety under Okawaru
  7239 | D:8      | Reached ** piety under Okawaru
  7239 | D:8      | Reached *** piety under Okawaru
  7239 | D:8      | Reached skill level 10 in Axes
  7239 | D:8      | Reached XP level 10. HP: 39/88 MP: 14/14
  7490 | D:8      | Reached **** piety under Okawaru
  7539 | D:8      | Found a roughly hewn altar of Beogh.
  7750 | D:8      | Noticed Maurice
  7762 | D:8      | Killed Maurice
  7762 | D:8      | Reached skill level 11 in Axes
  8059 | D:8      | Found a radiant altar of Vehumet.
  8069 | D:8      | Got an ichor-stained shortbow {venom}
  8643 | D:9      | Found a staircase to the Orcish Mines.
  8680 | D:9      | Reached XP level 11. HP: 79/95 MP: 16/16
  9856 | D:9      | Reached ***** piety under Okawaru
  9922 | D:10     | Entered Level 10 of the Dungeon
  9943 | D:10     | Found Asiydd's Food Boutique.
 10140 | D:10     | Learned a level 1 spell: Apportation
 10307 | D:10     | Noticed Joseph
 10324 | D:10     | Killed Joseph
 10336 | D:10     | Noticed a hill giant
 10350 | D:10     | Killed a hill giant
 10599 | D:10     | Noticed Sonja
 10600 | D:10     | Noticed Sonja
 10600 | D:10     | Sonja changed into Sonja the black mamba
 10601 | D:10     | Noticed a hill giant
 10606 | D:10     | Noticed a hill giant
 10614 | D:10     | Slain by a hill giant

Vault maps used:
D:1:      noname_arrival_rooms_in_the_neighbourhood, minmay_misc_feat_chi,
          minmay_stone_trees_large
D:2:      minmay_tetromino_s2
D:3:      nicolae_gozag_seed_capital, portal_sewer_entry_f,
          kennysheep_decorative_pillar, uniq_natasha, uniq_robin,
          uniq_crazy_yiuf_cottage
D:4:      kennysheep_generic_room_6, uniq_sigmund
D:5:      first_bread, uniq_menkaure
D:6:      minmay_crystal_water, grunt_ministairs_12
D:8:      special_room, basic_altar, uniq_gastronok, uniq_maurice
D:9:      zombieorc2_lemuel, hangedman_pestilent_swarm, serial_bayou_pond_b
D:10:     kennysheep_ambush_hall, serial_shops, shop, uniq_sonja, uniq_joseph
Temple:   minmay_crystal_snake_temple

Skill      XL: |  1  2  3  4  5  6  7  8  9 10 11 |
---------------+----------------------------------+-----
Axes           | 3 4 5 6 8 10 11 | 11.9
Fighting       | 4 5 6 7 8 9 |  9.1
Dodging        | 1 2 3 4 6 7 |  7.2
Armour         | 4 5 6 7 8 9 |  9.2
Shields        | 4 5 6 7 8 |  8.9
Spellcasting   | 1 2 3 4 |  4.4

Action                   |  1- 3 |  4- 6 |  7- 9 | 10-12 || total
-------------------------+-------+-------+-------+-------++-------
Melee: War axe           |    87 |   134 |   342 |   252 ||   815
       Headbutt          |    13 |    25 |    70 |    67 ||   175
       Unarmed           |       |       |    11 |       ||    11
       Broad axe         |       |       |       |    72 ||    72
Evoke: Wand              |       |       |       |     1 ||     1
  Use: Scroll            |     7 |     6 |    10 |     4 ||    27
       Potion            |     2 |       |     4 |     3 ||     9
 Stab: Invisible         |       |       |     2 |       ||     2
  Eat: Chunk             |     2 |     4 |    12 |    10 ||    28
       Fruit             |       |       |     3 |       ||     3
       Beef jerky        |       |       |       |     1 ||     1
Armor: Scale mail        |    44 |       |       |       ||    44
       Chain mail        |    20 |    82 |   159 |    17 ||   278
       Skin              |       |       |    12 |       ||    12
       Plate armour      |       |       |       |   153 ||   153
Dodge: Dodged            |    33 |    45 |    88 |    91 ||   257
Block: Shield            |    52 |    61 |   167 |   245 ||   525
